 Dungeon Crawl Stone Soup version 0.29.1-14-g9c671dbff4 (webtiles) character file.

Game seed: 13693255372095151827

14721 Renzlar the Blocker (level 12, 0/97 HPs)
             Began as a Gnoll Fighter on Feb 10, 2023.
             Was an Elder of Okawaru.
             Slain by Azrael
             ... wielding a +3 scimitar of flaming
              (14 damage)
             ... on level 13 of the Dungeon on Feb 15, 2023.
             The game lasted 00:43:20 (11598 turns).

Renzlar the Blocker (Gnoll Fighter)                Turns: 11598, Time: 00:43:23

Health: 0/97       AC: 20    Str: 19    XL:     12   Next: 19%
Magic:  22/23      EV: 15    Int:  8    God:    Okawaru [****..]
Gold:   763        SH:  9    Dex: 13    Spells: 19/25 levels left

rFire   + . .      SeeInvis .   x - +4 broad axe
rCold   . . .      Faith    .   c - +1 buckler
rNeg    + . .      Spirit   .   e - +3 scale mail "Baummer" {rF+ rN+ Will+}
rPois   .          Reflect  .   (no helmet)
rElec   .          Harm     .   y - +0 cloak
rCorr   .          Rampage  .   B - +0 pair of gloves
Will    ++...                   (no boots)
Stlth   ++++......              (no amulet)
HPRegen 0.26/turn               f - ring of willpower
MPRegen 0.18/turn               s - +4 ring of protection

@: mighty, heroic
A: fangs 1, strong nose, distributed training
a: Renounce Religion, Heroism, Finesse


You were on level 13 of the Dungeon.
You worshipped Okawaru.
Okawaru was greatly pleased with you.
You visited 2 branches of the dungeon, and saw 12 of its levels.
You also visited: Bailey.

You collected 763 gold pieces.

Inventory:

Hand Weapons
 a - a +1 war axe of flaming
 o - a +2 dagger of freezing
 x - a +4 broad axe (weapon)
Missiles
 h - 72 stones
 i - 25 poisoned darts
 v - 15 boomerangs (quivered)
Armour
 c - a +1 buckler (worn)
 e - the +3 scale mail "Baummer" (worn) {rF+ rN+ Will+}
   (You found it on level 3 of the Dungeon)

   rF:        It protects you from fire.
   rN:        It protects you from negative energy.
   Will:      It increases your willpower.
 u - a +4 chain mail of positive energy
 y - a +0 cloak (worn)
 B - a +0 pair of gloves (worn)
Jewellery
 b - a ring of resist corrosion
 f - a ring of willpower (left hand)
 m - a +6 ring of intelligence
 p - a ring of ice
 s - a +4 ring of protection (right hand)
Wands
 t - a wand of flame (16)
Scrolls
 j - a scroll of enchant armour
 n - 7 scrolls of teleportation
 q - 7 scrolls of fog
 w - 4 scrolls of identify
 z - a scroll of magic mapping
 A - 2 scrolls of silence
Potions
 g - 4 potions of invisibility
 k - 6 potions of curing
 l - 2 potions of haste
 r - 2 potions of flight


   Skills:
 + Level 9.9(14.9) Fighting
 + Level 7.3(12.3) Short Blades
 + Level 7.3(12.3) Long Blades
 + Level 8.7(13.7) Axes
 + Level 7.3(12.3) Maces & Flails
 + Level 7.3(12.3) Polearms
 + Level 7.3(12.3) Staves
 + Level 7.3(12.3) Ranged Weapons
 + Level 7.3(12.3) Throwing
 + Level 9.9(14.9) Armour
 + Level 7.3(12.3) Dodging
 + Level 7.3(12.3) Stealth
 + Level 9.9(14.9) Shields
 + Level 7.3(12.3) Unarmed Combat
 + Level 7.3 Spellcasting
 + Level 6.1 Conjurations
 + Level 6.1 Hexes
 + Level 6.1 Summonings
 + Level 6.1 Necromancy
 + Level 6.1 Translocations
 + Level 6.1 Transmutations
 + Level 6.1 Fire Magic
 + Level 6.1 Ice Magic
 + Level 6.1 Air Magic
 + Level 6.1 Earth Magic
 + Level 6.1 Poison Magic
 + Level 8.0 Invocations
 + Level 7.3 Evocations


You had 19 spell levels left.
You knew the following spells:

 Your Spells              Type           Power      Damage    Failure   Level
a - Necrotise             Necr           48%        1d6       4%          1
b - Wereblood             Tmut           12%        N/A       6%          2
c - Ozocubu's Armour      Ice            12%        N/A       13%         3

Your spell library contained the following spells:

 Spells                   Type           Power      Damage    Failure   Level
 Beastly Appendage        Tmut           24%        N/A       4%          1
 Magic Dart               Conj           48%        1d5       4%          1
 Ensorcelled Hibernation  Hex/Ice        24%        N/A       6%          2
 Passwall                 Tmut/Erth      10%        N/A       6%          2
 Sublimation of Blood     Necr           12%        N/A       6%          2
 Gell's Gravitas          Tloc           12%        N/A       13%         3
 Lesser Beckoning         Tloc           12%        N/A       13%         3
 Mephitic Cloud           Conj/Pois/Air  12%        N/A       13%         3
 Spider Form              Tmut/Pois      12%        N/A       13%         3
 Swiftness                Air            12%        N/A       13%         3
 Teleport Other           Tloc           12%        N/A       13%         3
 Vampiric Draining        Necr           12%        2d6       13%         3
 Passage of Golubria      Tloc           12%        N/A       38%         4
 Agony                    Necr           12%        N/A       75%         5
 Metabolic Englaciation   Hex/Ice        6%         N/A       75%         5
 Orb of Destruction       Conj           6%         9d6       100%        7
 Call Imp                 Summ           Unusable   N/A       N/A         2
 Summon Guardian Golem    Hex/Summ       Unusable   N/A       N/A         3
 Simulacrum               Ice/Necr       Unusable   N/A       N/A         6
 Spellforged Servitor     Conj/Summ      Unusable   N/A       N/A         7
 Summon Hydra             Summ           Unusable   N/A       N/A         7

Dungeon Overview and Level Annotations

Branches:
Dungeon (10/15)            Temple (1/1) D:4            Lair (0/5) D:9
 Bailey (visited)
    Orc: D:9-12

Altars:
Ashenzari
Cheibriados
Dithmenos
Elyvilon
Fedhas
Gozag
Hepliaklqana
Kikubaaqudgha
Makhleb
Nemelex Xobeh
Okawaru
Qazlal
Ru
Sif Muna
Trog
Uskayaw
Vehumet
Wu Jian
Xom
Yredelemnul
Zin
The Shining One

Shops:
D:9 *

Annotations:
D:9 3 runed translucent doors, exclusion: obsidian statue, sigtrap's ghost, novice FoFi
D:13 Azrael


Innate Abilities, Weirdness & Mutations

You have very sharp teeth.
Your uncanny sense of smell can sniff out nearby items.
Your experience applies equally to all skills.


Message History

The hell hound bites you but does no damage.
You hit Azrael.
Azrael is lightly wounded.
You hit the hell hound. You miss the hell hound.
You hit the fire elemental but do no damage. x2
You block the hell hound's attack. The hell hound bites you.
The fire elemental misses you. The fire elemental hits you.
The fire elemental burns you! You resist. Azrael hits you but does no damage.
The hell hound bites you. You block the hell hound's attack.
You hit Azrael.
Azrael is lightly wounded.
You hit the hell hound.
You hit the hell hound but do no damage.
You barely miss the fire elemental. You slash the fire elemental!
The fire elemental hits you. The fire elemental burns you! You resist.
The fire elemental misses you. You block the hell hound's attack.
The hell hound closely misses you. Azrael closely misses you.
You block the fire elemental's attack. The fire elemental hits you.
The fire elemental burns you! You resist.
Unknown command.
You hit Azrael.
Azrael is lightly wounded.
You slash the hell hound! You barely miss the hell hound.
You closely miss the fire elemental. You slash the fire elemental!
You destroy the fire elemental!
Okawaru accepts your kill. The hell hound closely misses you.
The hell hound bites you! You block the fire elemental's attack.
Azrael gestures at you. The bolt of fire hits you!! You resist.
* * * LOW HITPOINT WARNING * * *
The bolt of fire misses the hell hound.
The hell hound barely misses you.
Unknown command.
You feel very mighty all of a sudden. The hell hound closely misses you.
The hell hound bites you but does no damage.
You block the fire elemental's attack.
The hell hound bites you but does no damage.
Azrael hits you with a +3 scimitar of flaming!
You die...

########################
.........>..............
........................
........................
........................
................Rh......
................@E..$...
................h.......
........................
........................
##...###################


You could see Azrael, a fire elemental and 2 hell hounds.

Vanquished Creatures
  An orc warlord (Bailey)
  A two-headed ogre (D:9)
  Pikel (D:4)
  An ugly thing (D:9)
  Maurice (D:9)
  Maggie (D:7)
  A wraith (D:9)
  2 basilisks (D:9)
  7 yaks
  2 fire elementals (D:13)
  3 wyverns
  A steam dragon (D:8)
  2 vampire mosquitoes (D:10)
  4 water moccasins (D:9)
  2 hell hounds (D:13)
  Pargi (D:3)
  5 orc warriors
  4 black bears
  2 ogres (D:4)
  3 wolves (D:9)
  3 centaurs
  A kobold brigand (D:8)
  3 lemures (D:3)
  3 bullfrogs
  A necrophage (D:7)
  4 gnoll sergeants
  3 scorpions
  2 wights
  4 howler monkeys
  7 hounds
  Ijyb (D:3)
  10 orc priests
  5 iguanas
  6 orc wizards
  16 gnolls
  4 adders
  3 white imps (D:6)
  An ufetubus (D:7)
  3 worms
  A dart slug (D:4)
  33 orcs
  4 ball pythons
  6 bats
  3 endoplasms
  2 giant cockroaches
  14 hobgoblins
  4 jackals (D:1)
  2 quokkas (D:3)
  2 frilled lizards (D:2)
  9 goblins
  16 kobolds
  6 rats
227 creatures vanquished.

Vanquished Creatures (others)
  3 fungi (D:9)
  9 plants (D:9)
12 creatures vanquished.

Grand Total: 239 creatures vanquished

Notes
Turn   | Place    | Note
-------+----------+-------------------------------------------
     0 | D:1      | Renzlar the Gnoll Fighter began the quest for the Orb.
     0 | D:1      | Reached XP level 1. HP: 23/23 MP: 1/1
   123 | D:1      | Reached XP level 2. HP: 29/29 MP: 2/2
   758 | D:2      | Reached XP level 3. HP: 35/35 MP: 3/3
   774 | D:2      | Reached skill level 1 in Invocations
  1050 | D:2      | Reached skill level 1 in Short Blades
  1050 | D:2      | Reached skill level 1 in Long Blades
  1050 | D:2      | Reached skill level 1 in Maces & Flails
  1050 | D:2      | Reached skill level 1 in Polearms
  1050 | D:2      | Reached skill level 1 in Staves
  1050 | D:2      | Reached skill level 1 in Ranged Weapons
  1050 | D:2      | Reached skill level 1 in Throwing
  1050 | D:2      | Reached skill level 1 in Dodging
  1050 | D:2      | Reached skill level 1 in Stealth
  1050 | D:2      | Reached skill level 1 in Unarmed Combat
  1050 | D:2      | Reached skill level 1 in Spellcasting
  1050 | D:2      | Reached skill level 1 in Evocations
  1380 | D:3      | Reached XP level 4. HP: 41/41 MP: 5/5
  1386 | D:3      | Noticed Ijyb
  1391 | D:3      | Noticed Pargi
  1397 | D:3      | Killed Ijyb
  1398 | D:3      | Reached skill level 1 in Conjurations
  1398 | D:3      | Reached skill level 1 in Hexes
  1398 | D:3      | Reached skill level 1 in Summonings
  1398 | D:3      | Reached skill level 1 in Necromancy
  1398 | D:3      | Reached skill level 1 in Translocations
  1398 | D:3      | Reached skill level 1 in Transmutations
  1398 | D:3      | Reached skill level 1 in Fire Magic
  1398 | D:3      | Reached skill level 1 in Ice Magic
  1398 | D:3      | Reached skill level 1 in Air Magic
  1398 | D:3      | Reached skill level 1 in Earth Magic
  1398 | D:3      | Reached skill level 1 in Poison Magic
  1771 | D:3      | Killed Pargi
  1772 | D:3      | Reached XP level 5. HP: 29/47 MP: 5/7
  1911 | D:3      | Identified the +3 scale mail "Baummer" {rF+ rN+ Will+}
  1938 | D:3      | Reached XP level 6. HP: 46/53 MP: 8/8
  2158 | D:3      | Reached skill level 5 in Axes
  2619 | D:4      | Noticed Pikel
  2630 | D:4      | Killed Pikel
  2631 | D:4      | Reached XP level 7. HP: 54/60 MP: 8/11
  2679 | D:4      | Found a staircase to the Ecumenical Temple.
  2705 | Temple   | Entered the Ecumenical Temple
  2715 | Temple   | Became a worshipper of Warmaster Okawaru
  2810 | D:4      | Reached XP level 8. HP: 38/67 MP: 12/12
  3610 | D:5      | Entered Level 5 of the Dungeon
  4328 | D:5      | Reached * piety under Okawaru
  4580 | D:5      | Found an opulent altar of Gozag.
  4675 | D:5      | Upgraded the game from 0.29.1-13-g9f3cf754e1 to
                  | 0.29.1-14-g9c671dbff4
  5078 | D:6      | Learned a level 1 spell: Necrotise
  5689 | D:7      | Got the Tome of the Traveller
  5730 | D:7      | Reached XP level 9. HP: 73/73 MP: 14/14
  6486 | D:7      | Learned a level 2 spell: Wereblood
  6722 | D:7      | Noticed Maggie
  6733 | D:7      | Killed Maggie
  6733 | D:7      | Reached ** piety under Okawaru
  6888 | D:7      | Reached skill level 5 in Invocations
  6888 | D:7      | Found a snail-covered altar of Cheibriados.
  7981 | D:8      | Reached skill level 5 in Short Blades
  7981 | D:8      | Reached skill level 5 in Long Blades
  7981 | D:8      | Reached skill level 5 in Maces & Flails
  7981 | D:8      | Reached skill level 5 in Polearms
  7981 | D:8      | Reached skill level 5 in Staves
  7981 | D:8      | Reached skill level 5 in Ranged Weapons
  7981 | D:8      | Reached skill level 5 in Throwing
  7981 | D:8      | Reached skill level 5 in Dodging
  7981 | D:8      | Reached skill level 5 in Stealth
  7981 | D:8      | Reached skill level 5 in Unarmed Combat
  7981 | D:8      | Reached skill level 5 in Spellcasting
  7981 | D:8      | Reached skill level 5 in Evocations
  7981 | D:8      | Reached XP level 10. HP: 81/81 MP: 17/17
  8007 | D:8      | Reached *** piety under Okawaru
  8779 | D:9      | Noticed Maurice
  8785 | D:9      | Killed Maurice
  8826 | D:9      | Found a flagged portal.
  8833 | Bailey   | Entered a bailey
  8984 | Bailey   | Noticed an orc warlord
  9037 | Bailey   | Received a gift from Okawaru
  9194 | Bailey   | Found a runed translucent gate.
  9197 | Bailey   | Found a runed translucent gate.
  9199 | Bailey   | Found a runed translucent gate.
  9329 | Bailey   | Reached skill level 5 in Conjurations
  9329 | Bailey   | Reached skill level 5 in Hexes
  9329 | Bailey   | Reached skill level 5 in Summonings
  9329 | Bailey   | Reached skill level 5 in Necromancy
  9329 | Bailey   | Reached skill level 5 in Translocations
  9329 | Bailey   | Reached skill level 5 in Transmutations
  9329 | Bailey   | Reached skill level 5 in Fire Magic
  9329 | Bailey   | Reached skill level 5 in Ice Magic
  9329 | Bailey   | Reached skill level 5 in Air Magic
  9329 | Bailey   | Reached skill level 5 in Earth Magic
  9329 | Bailey   | Reached skill level 5 in Poison Magic
  9329 | Bailey   | Reached XP level 11. HP: 17/89 MP: 18/21
  9680 | Bailey   | Killed an orc warlord
  9738 | D:9      | Reached **** piety under Okawaru
  9872 | D:9      | Found a large runed translucent door.
  9873 | D:9      | Found a large runed translucent door.
  9912 | D:9      | Found a burning altar of Makhleb.
  9912 | D:9      | Noticed a red ugly thing
  9923 | D:9      | Killed a red ugly thing
 10074 | D:9      | Found a sacrificial altar of Ru.
 10102 | D:9      | Found a staircase to the Lair.
 10456 | D:9      | Learned a level 3 spell: Ozocubu's Armour
 10614 | D:9      | Reached XP level 12. HP: 67/97 MP: 22/22
 11074 | D:9      | Noticed a two-headed ogre
 11087 | D:9      | Killed a two-headed ogre
 11363 | D:9      | Found a runed translucent gate.
 11366 | D:9      | Found a runed translucent gate.
 11366 | D:9      | Found an opulent altar of Gozag.
 11367 | D:9      | Found a runed translucent gate.
 11368 | D:9      | Found Wovviahe's Assorted Antiques.
 11369 | D:9      | Noticed sigtrap's ghost (novice FoFi)
 11414 | D:10     | Entered Level 10 of the Dungeon
 11553 | D:10     | You fall into a shaft and drop 3 floors!
 11586 | D:13     | Noticed Azrael
 11598 | D:13     | Slain by Azrael

Illustrated notes

Levels and vault maps discovered:
D:1:      eino_arrival_cavern_d, layout_rooms
D:2:      layout_loops_ring
D:3:      layout_basic, uniq_ijyb, uniq_pargi
D:4:      cheibrodos_pilgrimage, layout_cave_pools,
          minmay_temple_entry_stoned_glass, grunt_ministairs_3, uniq_pikel
D:5:      layout_loops_ring, mainiacjoe_overflow_alcove_4
D:6:      layout_rooms, minmay_misc_feat_x
D:7:      layout_loops_corners, mainiacjoe_overflow_24_doors, uniq_maggie
D:8:      layout_basic, kennysheep_small_circle
D:9:      layout_gridville, jmf_multi_god_temple2, minmay_lair_entry_grove,
          enter_bailey_3, ebering_ghost_gozag, supply_closet_lemuel,
          uniq_maurice
D:10:     layout_roguey, uniq_lodul, uniq_psyche, uniq_erolcha
D:13:     layout_grid_maze, grunt_vaults_entry_tiered,
          portal_ice_cave_entry_pillars_1, uniq_azrael
Temple:   nicolae_temple_no_exploring_needed

Skill      XL: |  1  2  3  4  5  6  7  8  9 10 11 12 |
---------------+-------------------------------------+-----
Invocations    | 1 2 3 4 5 7 8 |  8.0
Short Blades   | 1 2 3 5 6 7 |  7.3
Long Blades    | 1 2 3 5 6 7 |  7.3
Maces & Flails | 1 2 3 5 6 7 |  7.3
Polearms       | 1 2 3 5 6 7 |  7.3
Staves         | 1 2 3 5 6 7 |  7.3
Ranged Weapons | 1 2 3 5 6 7 |  7.3
Throwing       | 1 2 3 5 6 7 |  7.3
Dodging        | 1 2 3 5 6 7 |  7.3
Stealth        | 1 2 3 5 6 7 |  7.3
Unarmed Combat | 1 2 3 5 6 7 |  7.3
Spellcasting   | 1 2 3 5 6 7 |  7.3
Evocations     | 1 2 3 5 6 7 |  7.3
Conjurations   | 1 2 3 4 5 6 |  6.1
Hexes          | 1 2 3 4 5 6 |  6.1
Summonings     | 1 2 3 4 5 6 |  6.1
Necromancy     | 1 2 3 4 5 6 |  6.1
Translocations | 1 2 3 4 5 6 |  6.1
Transmutations | 1 2 3 4 5 6 |  6.1
Fire Magic     | 1 2 3 4 5 6 |  6.1
Ice Magic      | 1 2 3 4 5 6 |  6.1
Air Magic      | 1 2 3 4 5 6 |  6.1
Earth Magic    | 1 2 3 4 5 6 |  6.1
Poison Magic   | 1 2 3 4 5 6 |  6.1
Axes           | 5 6 8 |  8.7
Fighting       | 7 8 9 |  9.9
Armour         | 7 8 9 |  9.9
Shields        | 7 8 9 |  9.9

Action                   |  1- 3 |  4- 6 |  7- 9 | 10-12 || total
-------------------------+-------+-------+-------+-------++-------
Melee: War axe           |   100 |    92 |   356 |   258 ||   806
       Bite              |     7 |     7 |    43 |    50 ||   107
       Dagger            |       |       |       |     6 ||     6
       Broad axe         |       |       |       |    15 ||    15
Throw: Stone             |     5 |     9 |    14 |       ||    28
       Dart              |       |    10 |     7 |       ||    17
       Boomerang         |       |       |       |    28 ||    28
       Throwing net      |       |       |       |     1 ||     1
 Cast: Wereblood         |       |       |       |     1 ||     1
       Necrotise         |       |       |       |     1 ||     1
Invok: Heroism           |       |       |     1 |     5 ||     6
Evoke: Wand              |       |     2 |       |       ||     2
  Use: Scroll            |     7 |       |    15 |     2 ||    24
       Potion            |       |       |     2 |     7 ||     9
 Stab: Sleeping          |       |       |     1 |     2 ||     3
       Invisible         |       |       |       |     3 ||     3
       Held in net/web   |       |       |       |     2 ||     2
Armor: Scale mail        |    44 |    48 |   202 |   126 ||   420
Dodge: Dodged            |    39 |    29 |   205 |   142 ||   415
Block: Buckler           |    31 |    31 |   133 |   105 ||   300
